 Dungeon Sprint DCSS version 0.28.0-43-g3370ac3207 (webtiles) character file.

Game seed: 17175359037336662123

10250 boopmooplesden the Peltast (level 11, -18/117 HPs)
             Began as a Minotaur Fighter on Mar 30, 2022.
             Was a Priest of Trog.
             Killed by drain life
             ... invoked by a soul eater
             ... summoned by an obsidian statue
              (19 damage)
             ... in the Dungeon (Sprint II: "The Violet Keep of Menkaure").
             The game lasted 00:06:30 (2938 turns).

boopmooplesden the Peltast (Minotaur Fighter)       Turns: 2938, Time: 00:06:31

Health: -18/117    AC: 26    Str: 21    XL:     11   Next: 33%
Magic:  10/10      EV:  8    Int:  3    God:    Trog [***...]
Gold:   287        SH: 21    Dex: 15    Spells: 10/10 levels left

rFire   + . .      SeeInvis .   a - +1 war axe
rCold   . . .      Faith    .   m - +1 tower shield {AC+3}
rNeg    . . .      Spirit   .   p - +2 plate armour {rF+}
rPois   .          Reflect  .   (helmet restricted)
rElec   +          Harm     .   o - scarf {+Inv}
rCorr   .          Rampage  .   l - +1 pair of gloves {Dex+3}
Will    ++...      NoTele   +   (no boots)
Stlth   ..........              (no amulet)
HPRegen 1.29/turn               (no ring)
MPRegen 0.12/turn               (no ring)

@: strong-willed, regenerating, studying Dodging, unable to read, very slow
A: horns 2, retaliatory headbutt, iridescent scales 1, dopey 2, electricity
resistance, inability to read while threatened
a: Renounce Religion, Evoke Invisibility, Berserk, Trog's Hand


You were in the Dungeon.
You worshipped Trog.
Trog was most pleased with you.
You visited 1 branch You collected 1568 gold pieces.
You spent 1281 gold pieces at shops.

Inventory:

Hand Weapons
 a - a +1 war axe (weapon)
Armour
 b - a +0 scale mail
 c - a +0 buckler
 l - a +1 pair of gloves of dexterity (worn)
 m - a +1 tower shield of protection (worn)
 n - a +2 scale mail of poison resistance
 o - a scarf of invisibility (worn)
 p - a +2 plate armour of fire resistance (worn)
 x - a +0 plate armour
Jewellery
 t - a +4 ring of protection
 w - an amulet of regeneration
Scrolls
 j - 3 scrolls of blinking
 k - a scroll of fog
Potions
 d - a potion of might
 e - 2 potions of curing
 f - 2 potions of heal wounds
 g - a potion of haste
 h - 5 potions of magic
 i - a potion of attraction {unknown}
 r - a potion of degeneration {unknown}
 s - 3 potions of resistance
 u - 2 potions of lignification {unknown}
 z - 2 potions of invisibility
 A - 2 potions of flight


   Skills:
 + Level 17.0 Fighting
 + Level 17.0 Axes
 + Level 15.6 Armour
 + Level 6.0 Dodging
 + Level 3.2 Stealth
 + Level 17.2 Shields


You had 10 spell levels left.
You didn't know any spells.
Your spell library was empty.

Dungeon Overview and Level Annotations

Branches:
Dungeon (1/1)

Altars:
Cheibriados
Dithmenos
Elyvilon
Fedhas
Gozag
Hepliaklqana
Kikubaaqudgha
Makhleb
Nemelex Xobeh
Okawaru
Qazlal
Ru
Sif Muna
Trog
Uskayaw
Vehumet
Wu Jian
Xom
Yredelemnul
Zin
The Shining One
Beogh
Jiyva
Lugonu

Shops:
D ==:[[:??!!(:=[!

Annotations:
D exclusions: ice statue, obsidian statue and oklob plant


Innate Abilities, Weirdness & Mutations

You have a pair of horns on your head.
You reflexively headbutt those who attack you in melee.
You are partially covered in iridescent scales. (AC +2)
You are very dopey. (Int -4)
You are resistant to electric shocks. (rElec)
You sometimes lose the ability to read scrolls when taking damage.


Message History

* * * LOW HITPOINT WARNING * * *
The storm dragon claws you but does no damage.
You block the storm dragon's attack. You block the bone dragon's attack.
The bone dragon claws you!
* * * LOW HITPOINT WARNING * * *
The bone dragon tramples you but does no damage.
The white imp hits your ogre. The white imp freezes your ogre.
You closely miss the storm dragon. Your headbutt misses the storm dragon.
The storm dragon is almost dead.
You hit the bone dragon but do no damage.
Your ogre is engulfed in poison gas.
Your ogre looks even sicker.
Your ogre hits the soul eater with a +0 giant spiked club!!
The soul eater hits your ogre!!
The storm dragon bites you but does no damage.
You block the storm dragon's attack. The storm dragon barely misses you.
The bone dragon closely misses you. You block the bone dragon's attack. x2
The white imp hits your ogre. The white imp freezes your ogre.
Your ogre dies!
Your ogre's corpse disappears in a puff of smoke!
You hit the storm dragon but do no damage.
The storm dragon is almost dead.
You hit the bone dragon but do no damage.
The storm dragon looks more healthy.
You block the storm dragon's attack. x3
You block the bone dragon's attack.
The bone dragon claws you but does no damage.
The bone dragon tramples you.
* * * LOW HITPOINT WARNING * * *
You hold your ground!
The white imp laughs crazily.
You completely miss the storm dragon. Your headbutt misses the storm dragon.
The storm dragon is severely wounded.
You hit the bone dragon but do no damage.
You break out of your daze.
You block the storm dragon's attack. The storm dragon claws you.
* * * LOW HITPOINT WARNING * * *
The storm dragon tramples you but does no damage.
The crimson imp blinks!
The soul eater draws from the surrounding life force!
You die...

###≈○°○°°≈≈§## ###
'≈≈○°°8○°≈§§#
D##...####§○○°°☼°≈§
D.D.D...≈##○○°○°°§
############≈≈#°°°#+++##
###########≈≈≈3°5......#
##........#≈≈53e#.'##..# #.
##...⌠....#≈≈DD##)#.##.#### +.
##..∩.∩...#≈≈5@#..#..# ...# .
##.∩.∩.∩..#≈≈####..#####..## #
##∩.∩.∩.∩.#≈##.##.)###.##..# +
##.∩...∩.∩#≈#...#..##)..#..# #
##∩.......'≈'.##'.<)')#.'..####
##.......∩#≈#...##.##...#....##
#▓▓▓▓▓▓▓###≈##.###'###.##.§§§..
##(ZY######≈≈######.####≈§.§.§.
#:.Z#F. ##≈≈≈#..##.#≈≈≈≈≈≈≈§.


You could see a bone dragon, a storm dragon, an obsidian statue, a soul eater
(summoned), a deep elf high priest (very poisoned), a smoke demon (summoned), 2
crimson imps and a white imp (summoned).

Vanquished Creatures
  A kraken (D)
  Kirke (D)
  Roxanne (D)
  A cacodemon (D)
  A yaktaur captain (D)
  A centaur warrior (D)
  2 deep trolls (D)
  A skeletal warrior (D)
  A merfolk siren (D)
  An elephant (D)
  A kobold demonologist (D)
  An unseen horror (D)
  A yaktaur (D)
  3 polar bears (D)
  A hornet (D)
  3 neqoxecs (D)
  Menkaure (D)
  3 water moccasins (D)
  4 necrophages (D)
  5 scorpions (D)
  5 tentacles (D)
39 creatures vanquished.

Vanquished Creatures (others)
  An unseen horror (D)
  A neqoxec (D)
  A water moccasin (D)
  12 tentacles (D)
15 creatures vanquished.

Grand Total: 54 creatures vanquished

Notes
Turn   | Place    | Note
-------+----------+-------------------------------------------
     0 | D        | boopmooplesden the Minotaur Fighter began the quest for the
                  | Orb.
     0 | D        | Reached XP level 1. HP: 19/19 MP: 0/0
     1 | D        | Noticed a merfolk siren
    14 | D        | Killed a merfolk siren
    15 | D        | Reached XP level 2. HP: 10/37 MP: 1/1
    15 | D        | Reached XP level 3. HP: 11/44 MP: 2/2
    15 | D        | Reached XP level 4. HP: 13/50 MP: 3/3
    15 | D        | Reached XP level 5. HP: 15/57 MP: 4/4
    15 | D        | Reached XP level 6. HP: 17/64 MP: 5/5
   256 | D        | Reached skill level 10 in Fighting
   256 | D        | Reached skill level 10 in Armour
   262 | D        | Reached skill level 10 in Shields
   262 | D        | Reached XP level 7. HP: 41/73 MP: 6/6
   475 | D        | Noticed a neqoxec
   475 | D        | Gained mutation: You sometimes lose the ability to read
                  | scrolls when taking damage. [a neqoxec]
   485 | D        | Gained mutation: You are frail. (-10% HP) [a neqoxec]
   487 | D        | Killed a neqoxec
   489 | D        | Noticed a neqoxec
   489 | D        | Noticed a neqoxec
   496 | D        | Gained mutation: You are resistant to electric shocks.
                  | (rElec) [a neqoxec]
   499 | D        | Gained mutation: You are dopey. (Int -2) [a neqoxec]
   500 | D        | Lost mutation: You are frail. (-10% HP) [a neqoxec]
   503 | D        | Killed a neqoxec
   503 | D        | Noticed a neqoxec
   506 | D        | Killed a neqoxec
   508 | D        | Noticed Roxanne
   679 | D        | Reached XP level 8. HP: 80/83 MP: 7/7
   698 | D        | Found Jeaqimmonka's Distillery.
   698 | D        | Found Xejuapp's Antique Armour Boutique.
   698 | D        | Found Bupturan's Book Shop.
   698 | D        | Found Yjugoget's Jewellery Shop.
   698 | D        | Found Vyraloycs's Distillery.
   698 | D        | Found Wouxte Quboi's Antique Weapon Boutique.
   698 | D        | Found Colig's Distillery.
   699 | D        | Found Riukep's Magic Scroll Shop.
   700 | D        | Found Jonaoc's Magic Scroll Shop.
   700 | D        | Found Rumaf's Book Boutique.
   719 | D        | Noticed Menkaure
   736 | D        | Killed Menkaure
   738 | D        | Found Plog's Antique Armour Shop.
   738 | D        | Found Ginuc's Antique Armour Boutique.
   738 | D        | Noticed a death yak
   738 | D        | Noticed an oklob plant
   739 | D        | Found Beenuleth's Jewellery Shop.
   739 | D        | Found Datoprom's Jewellery Boutique.
   739 | D        | Found Retoapn's Book Shoppe.
   740 | D        | Bought a pair of glowing gloves for 210 gold pieces
   749 | D        | Noticed a cane toad
   751 | D        | Bought a glowing tower shield for 202 gold pieces
   763 | D        | Bought a runed scale mail for 189 gold pieces
   775 | D        | Noticed a cane toad
   777 | D        | Bought a runed scarf for 160 gold pieces
   807 | D        | Found a glowing golden altar of the Shining One.
   807 | D        | Found an ornate altar of the Wu Jian Council.
   810 | D        | Found a shimmering altar of Xom.
   810 | D        | Found a sacrificial altar of Ru.
   811 | D        | Found a basalt altar of Yredelemnul.
   811 | D        | Found a shimmering blue altar of Sif Muna.
   811 | D        | Found a stormy altar of Qazlal.
   811 | D        | Found a viscous altar of Jiyva.
   812 | D        | Found a glowing silver altar of Zin.
   812 | D        | Found a bloodstained altar of Trog.
   812 | D        | Found an ancient bone altar of Kikubaaqudgha.
   812 | D        | Found a hazy altar of Hepliaklqana.
   812 | D        | Found a snail-covered altar of Cheibriados.
   813 | D        | Found a hide-covered altar of Uskayaw.
   813 | D        | Found a corrupted altar of Lugonu.
   813 | D        | Found a shadowy altar of Dithmenos.
   814 | D        | Found a radiant altar of Vehumet.
   814 | D        | Found a burning altar of Makhleb.
   814 | D        | Found a white marble altar of Elyvilon.
   815 | D        | Found a sparkling altar of Nemelex Xobeh.
   815 | D        | Found a blossoming altar of Fedhas.
   817 | D        | Found an iron altar of Okawaru.
   817 | D        | Found an opulent altar of Gozag.
   818 | D        | Noticed a yaktaur
   818 | D        | Noticed a hornet
   818 | D        | Noticed a polar bear
   818 | D        | Noticed a polar bear
   819 | D        | Noticed a polar bear
   823 | D        | Killed a polar bear
   824 | D        | Reached skill level 10 in Axes
   824 | D        | Reached skill level 1 in Dodging
   830 | D        | Paralysed by a hornet for 3 turns
   835 | D        | Killed a hornet
   840 | D        | Killed a polar bear
   841 | D        | Reached XP level 9. HP: 62/93 MP: 8/8
   845 | D        | Killed a yaktaur
   852 | D        | Killed a polar bear
   853 | D        | Reached skill level 1 in Stealth
   869 | D        | Became a worshipper of Trog the Wrathful
  1107 | D        | Noticed a kraken
  1133 | D        | Reached * piety under Trog
  1666 | D        | Killed a kraken
  1667 | D        | Reached XP level 10. HP: 22/104 MP: 9/9
  1771 | D        | Noticed an ice statue
  1942 | D        | Noticed a deep troll
  1942 | D        | Noticed a deep troll
  1948 | D        | Killed a deep troll
  1949 | D        | Reached skill level 15 in Fighting
  1953 | D        | Killed a deep troll
  1953 | D        | Reached ** piety under Trog
  2041 | D        | Killed Roxanne
  2041 | D        | HP: 5/157 [something (4)]
  2042 | D        | Reached skill level 15 in Shields
  2420 | D        | Bought a glowing plate armour for 520 gold pieces
  2450 | D        | Noticed an obsidian statue
  2453 | D        | Noticed Kirke
  2453 | D        | Noticed a yaktaur captain
  2453 | D        | Noticed a skeletal warrior
  2478 | D        | Killed Kirke
  2478 | D        | Reached *** piety under Trog
  2479 | D        | Reached skill level 15 in Axes
  2479 | D        | Reached skill level 5 in Dodging
  2482 | D        | Killed a yaktaur captain
  2483 | D        | Reached skill level 15 in Armour
  2514 | D        | Noticed a cacodemon
  2519 | D        | Noticed a smoke demon
  2523 | D        | Noticed an orange demon
  2529 | D        | Reached XP level 11. HP: 102/115 MP: 10/10
  2532 | D        | Gained mutation: You are partially covered in iridescent
                  | scales. (AC +2) [a cacodemon]
  2538 | D        | Gained mutation: You are very dopey. (Int -4) [a cacodemon]
  2539 | D        | Killed a cacodemon
  2542 | D        | Reached **** piety under Trog
  2583 | D        | Killed a skeletal warrior
  2671 | D        | Noticed a centaur warrior
  2685 | D        | Killed a centaur warrior
  2897 | D        | Noticed a sun demon
  2907 | D        | Noticed a bone dragon
  2907 | D        | Noticed a storm dragon
  2907 | D        | Noticed a golden dragon
  2920 | D        | Noticed a deep elf high priest
  2924 | D        | Noticed a soul eater
  2935 | D        | HP: 2/117 [bone dragon (9)]
  2938 | D        | Killed from afar by a soul eater

Illustrated notes

Levels and vault maps discovered:
D:        the_violet_keep_of_menkaure [sprint2_stairs_cluster_1,
          sprint2_shoproom, sprint2_temple, sprint2_basic_supplies,
          sprint2_obstacle_6, sprint2_obstacle_2, sprint2_obstacle_3,
          sprint2_obstacle_4, sprint2_obstacle_1, sprint2_timed_cluster_1,
          sprint2_smallroom_cluster_1, sprint2_smallroom_final_cluster_1,
          sprint2_transparent_cluster_1, sprint2_second_timed_cluster_1,
          sprint2_sniper_area_1, sprint2_heavy_combat_area_1,
          sprint2_mutation_trap_area_1, sprint2_forest_area_1,
          sprint2_light_combat_area_1, sprint2_behind_water_1,
          sprint2_near_end_vault_1]

Skill      XL: |  1  2  3  4  5  6  7  8  9 10 11 |
---------------+----------------------------------+-----
Fighting       | 9 10 12 13 14 16 17 | 17.0
Axes           | 6 7 8 11 13 15 17 | 17.0
Armour         | 9 10 12 13 14 15 | 15.6
Shields        | 9 10 11 12 14 16 17 | 17.2
Dodging        | 1 3 5 6 |  6.0
Stealth        | 1 2 3 |  3.2

Action                   |  1- 3 |  4- 6 |  7- 9 | 10-12 || total
-------------------------+-------+-------+-------+-------++-------
Melee: War axe           |    12 |     6 |   135 |   130 ||   283
       Headbutt          |     4 |     2 |    33 |    33 ||    72
Invok: Berserk           |       |       |     2 |     4 ||     6
       Trog's Hand       |       |       |       |     1 ||     1
       Brothers in Arms  |       |       |       |     1 ||     1
  Use: Potion            |       |       |     1 |     1 ||     2
       Scroll            |       |       |     8 |       ||     8
Armor: Scale mail        |       |     1 |    56 |     5 ||    62
       Plate armour      |       |       |       |    69 ||    69
Dodge: Dodged            |     1 |     1 |    34 |    28 ||    64
Block: Buckler           |     1 |       |     6 |       ||     7
       Tower shield      |       |       |    88 |   142 ||   230
